 Dungeon Crawl Stone Soup version 0.28-a0-529-g3bad584f25 (webtiles) character file.

Game seed: 17463103866765974647

2714 omnomnOMINOUS the Conjurer (level 9, -10/61 HPs)
             Began as an Octopode Wanderer on Sept 24, 2021.
             Was a Believer of Makhleb.
             Mangled by Joseph (16 damage)
             ... on level 7 of the Dungeon.
             The game lasted 00:32:54 (10050 turns).

omnomnOMINOUS the Conjurer (Octopode Wanderer)     Turns: 10050, Time: 00:32:56

Health: -10/61     AC:  1    Str: 13    XL:     9   Next: 66%
Magic:  13/15      EV: 14    Int: 17    God:    Makhleb [**....]
Gold:   418        SH:  0    Dex: 10    Spells: 6/16 levels left

rFire   . . .      SeeInvis .   a - +5 scimitar (flame)
rCold   . . .      Faith    .   (no shield)
rNeg    . . .      Spirit   .   q - +0 hat
rPois   .          Reflect  .   (no amulet)
rElec   .          Harm     .   (no ring)
rCorr   .          Rampage  .   (no ring)
Will    .....                   (no ring)
Stlth   ++........              (no ring)
HPRegen 0.20/turn               (no ring)
MPRegen 0.14/turn               (no ring)
                                (no ring)
                                (no ring)

@: attractive
A: almost no armour, amphibious, 8 rings, camouflage 1, gelatinous body 1,
(nimble swimmer 1), tentacles
a: Renounce Religion, Minor Destruction


You were on level 7 of the Dungeon.
You worshipped Makhleb.
Makhleb was pleased with you.
You visited 1 branch of the dungeon, and saw 8 of its levels.

You collected 418 gold pieces.

Inventory:

Hand Weapons
 a - a +5 scimitar of flaming (weapon)
 b - a +0 short sword of holy wrath
 c - a +0 spear
 d - a +6 vampiric scythe
 o - a +2 dagger of venom
Armour
 q - a +0 hat (worn)
Wands
 g - a wand of polymorph (7)
 m - a wand of iceblast (12)
 t - a wand of paralysis (11)
Scrolls
 e - a scroll of magic mapping {unknown}
 f - a scroll of blinking {unknown}
 h - 2 scrolls of enchant weapon
 i - a scroll of brand weapon
 j - a scroll of summoning {unknown}
 k - a scroll of enchant armour {unknown}
 l - a scroll of immolation {unknown}
 n - 2 scrolls of teleportation
 p - a scroll of holy word {unknown}
 r - a scroll of identify
 s - 2 scrolls of fear {unknown}
Potions
 u - a potion of attraction
 v - a potion of flight


   Skills:
 + Level 5.6 Fighting
 + Level 5.5 Dodging
 - Level 1.3 Stealth
 - Level 4.0 Spellcasting
 + Level 5.6 Conjurations
 + Level 5.6 Summonings
 - Level 4.0 Translocations
 - Level 3.0 Ice Magic
 - Level 1.0 Air Magic
 - Level 4.0 Invocations
 - Level 1.1 Evocations


You had 6 spell levels left.
You knew the following spells:

 Your Spells              Type           Power      Damage    Failure   Level
a - Magic Dart            Conj           88%        1d7       1%          1
b - Blink                 Tloc           N/A        N/A       4%          2
c - Summon Small Mammal   Summ           88%        N/A       1%          1
d - Call Canine Familiar  Summ           22%        N/A       4%          3
e - Mephitic Cloud        Conj/Pois/Air  10%        N/A       19%         3

Your spell library contained the following spells:

 Spells                   Type           Power      Damage    Failure   Level
 Call Imp                 Summ           22%        N/A       2%          2
 Static Discharge         Conj/Air       14%        N/A       6%          2
 Conjure Flame            Conj/Fire      13%        6-21      14%         3
 Dazzling Flash           Conj/Hex       26%        N/A       14%         3
 Summon Guardian Golem    Hex/Summ       12%        N/A       16%         3
 Corpse Rot               Necr/Air       N/A        N/A       19%         2
 Slow                     Hex            3%         N/A       24%         2
 Metabolic Englaciation   Hex/Ice        4%         N/A       93%         5


Dungeon Overview and Level Annotations

Branches:
Dungeon (8/15)             Temple (0/1) D:6
   Lair: D:8-11

Altars:
Dithmenos
Elyvilon
Gozag
Makhleb
Okawaru
Ru
Vehumet
Zin

Shops:
D:3 :   D:4 [=:[   D:6 =

Annotations:
D:7 Joseph
D:8 Harold


Innate Abilities, Weirdness & Mutations

You cannot wear most types of armour.
You are amphibious.
You can wear up to eight rings at the same time.
Your skin changes colour to match your surroundings (Stealth+).
Your rubbery body absorbs attacks. (AC +1, EV +1)
((You are camouflaged near water. (Stealth+)))
You have tentacles for arms and can constrict up to eight enemies at once.


Message History

The wight throws a stone.
The stone hits you. The wight closely misses you.
You slash the wight! You burn the wight.
You destroy the wight!
Makhleb accepts your kill.
Unknown command.
Joseph unwields a +6 hunting sling of flaming.
It stops flaming.
Joseph wields a +1 quarterstaff of speed.
Joseph closely misses you.
Joseph hits you with a +1 quarterstaff of speed!
Items here: $ ( ) ? [.
Joseph unwields a +1 quarterstaff of speed.
Joseph wields a +6 hunting sling of flaming.
It bursts into flame!
Joseph shoots a sling bullet.
The sling bullet hits you! The sling bullet burns you.
Your hound barely misses Joseph.
Your hound bites Joseph.
Joseph unwields a +6 hunting sling of flaming.
It stops flaming.
Joseph wields a +1 quarterstaff of speed.
Joseph hits you with a +1 quarterstaff of speed.
You slash Joseph! You burn Joseph. Your grab misses Joseph.
Joseph is lightly wounded.
Your hound closely misses Joseph.
Joseph says, "You must be punished!
Or...
I want to punish you!"
Joseph hits you with a +1 quarterstaff of speed.
* * * LOW HITPOINT WARNING * * *
Your hound bites Joseph but does no damage.
Joseph closely misses you.
It was a potion of attraction.
You feel attractive to monsters.
Your hound bites Joseph.
Joseph hits you with a +1 quarterstaff of speed!
* * * LOW HITPOINT WARNING * * *
Aiming: Paralyse
Press: ? - help, Shift-Dir - straight line, f - Joseph
Aim: Joseph, wielding a +1 quarterstaff of speed, wearing a +0 leather armour and quivering sling bullets (moderately wounded, ally target, chance to affect: 31%) Joseph easily resists.
Your hound barely misses Joseph.
Joseph hits you with a +1 quarterstaff of speed!
You die...

.....# #.#.#)..### #<... ####.#
#.# #.....####### ##### .....#
#.# #..@........#
###..###.#.#...#.#####.##########
#†..##.#.#...#.# #............
#....#.#.###.#.####..##########
#....#.......#h...#..#
#....#.......@....#..#
#.##.#......##@...#..#
#.##........##....#..#
#.###.....@.##....#..#
#.###.......##.(......
.............##........
##.####......##........
......'>.....##........
##.####......##........ #......#


You could see Joseph (ally target) and a friendly hound (summoned).

Vanquished Creatures
  A manticore (D:7)
  Sigmund (D:6)
  An acid dragon (D:7)
  2 sky beasts
  2 ogres
  A centaur (D:7)
  4 phantoms
  A wyvern zombie (D:6)
  A bullfrog (D:7)
  2 water moccasin skeletons
  4 wights (D:7)
  A bullfrog zombie (D:5)
  A centaur zombie (D:5)
  2 bullfrog skeletons (D:5)
  2 orc priests (D:4)
  A hound (D:6)
  A jelly (D:4)
  3 iguanas
  An orc wizard (D:5)
  A hound skeleton (D:5)
  10 adders
  An ufetubus (D:5)
  2 adder skeletons (D:4)
  2 worms (D:2)
  18 orcs
  4 ball pythons
  12 endoplasms
  2 giant cockroaches
  6 goblins
  11 hobgoblins
  5 jackals
  4 kobolds
  2 quokkas (D:3)
  6 bats
  6 frilled lizards
  6 rats
130 creatures vanquished.

Vanquished Creatures (collateral kills)
  A water moccasin (D:6)
  A sky beast (D:5)
  An ogre (D:7)
  A howler monkey (D:6)
  A jelly (D:7)
  An orc priest (D:8)
  An orc (D:7)
7 creatures vanquished.

Vanquished Creatures (others)
  2 toadstools (D:1)
2 creatures vanquished.

Grand Total: 139 creatures vanquished

Notes
Turn   | Place    | Note
-------+----------+-------------------------------------------
     0 | D:1      | omnomnOMINOUS the Octopode Wanderer began the quest for the
                  | Orb.
     0 | D:1      | omnomnOMINOUS set off with the following items: a +0 club;
                  | and the following spells available to memorise: Magic Dart,
                  | Summon Small Mammal, Corpse Rot, Static Discharge, Blink,
                  | Call Imp, Slow, Mephitic Cloud, Call Canine Familiar,
                  | Conjure Flame
     0 | D:1      | Reached XP level 1. HP: 11/11 MP: 5/5
     2 | D:1      | Learned a level 1 spell: Magic Dart
     4 | D:1      | Learned a level 1 spell: Summon Small Mammal
   197 | D:1      | Reached XP level 2. HP: 13/18 MP: 1/7
   427 | D:1      | Reached skill level 1 in Fighting
   427 | D:1      | Reached skill level 1 in Conjurations
   507 | D:1      | Reached skill level 1 in Summonings
   697 | D:1      | Reached skill level 1 in Dodging
   868 | D:2      | Reached XP level 3. HP: 23/23 MP: 8/8
   876 | D:2      | Learned a level 2 spell: Blink
   880 | D:2      | Learned a level 3 spell: Call Canine Familiar
   884 | D:2      | Learned a level 3 spell: Mephitic Cloud
  1597 | D:2      | Reached XP level 4. HP: 28/28 MP: 10/10
  2118 | D:2      | Found a faded altar of an unknown god.
  2174 | D:2      | Became a worshipper of Makhleb the Destroyer
  2174 | D:2      | Reached * piety under Makhleb
  2503 | D:3      | Found a shadowy altar of Dithmenos.
  2504 | D:3      | Found a white marble altar of Elyvilon.
  2597 | D:3      | Found Nomas's Book Shop.
  3000 | D:3      | Found a radiant altar of Vehumet.
  3001 | D:3      | Found an iron altar of Okawaru.
  3268 | D:4      | Reached XP level 5. HP: 24/34 MP: 11/11
  3451 | D:4      | Reached skill level 1 in Translocations
  3451 | D:4      | Reached skill level 1 in Invocations
  3490 | D:4      | You fall into a shaft and drop 1 floor!
  3490 | D:5      | Entered Level 5 of the Dungeon
  3490 | D:5      | Noticed an ogre
  3877 | D:5      | Noticed a phantom
  3946 | D:5      | Killed a phantom
  3947 | D:5      | Reached XP level 6. HP: 41/41 MP: 12/12
  4164 | D:5      | Noticed a sky beast
  4548 | D:4      | Reached XP level 7. HP: 40/45 MP: 13/13
  4611 | D:4      | Found Reptaps's Book Shoppe.
  4985 | D:4      | Found Kesoguf's Jewellery Shop.
  5150 | D:4      | Found Ucaokyer's Antique Armour Shop.
  5263 | D:4      | Found an opulent altar of Gozag.
  5303 | D:4      | Found Raib's Antique Armour Shoppe.
  5654 | D:5      | Found a large runed translucent door.
  5654 | D:5      | Found a large runed translucent door.
  5887 | D:5      | Found a sacrificial altar of Ru.
  5919 | D:5      | Found a glowing silver altar of Zin.
  5995 | D:6      | Found a staircase to the Ecumenical Temple.
  6015 | D:5      | HP: 2/46 [phantom (5)]
  6028 | D:5      | Reached XP level 8. HP: 25/52 MP: 14/14
  6955 | D:6      | Found Duanach's Jewellery Boutique.
  7493 | D:6      | Noticed Sigmund
  7510 | D:6      | Killed Sigmund
  7516 | D:6      | Reached ** piety under Makhleb
  7720 | D:6      | Reached XP level 9. HP: 59/59 MP: 10/15
  8229 | D:7      | HP: 4/90 [orc (3)]
  8566 | D:7      | Reached skill level 5 in Conjurations
  8724 | D:7      | Reached skill level 5 in Fighting
  8724 | D:7      | Reached skill level 5 in Summonings
  9050 | D:7      | Reached skill level 5 in Dodging
  9387 | D:7      | Noticed a manticore
  9405 | D:7      | Killed a manticore
  9578 | D:7      | Noticed Joseph
  9583 | D:7      | Got Itahiyh's Tome of Malediction
  9594 | D:8      | Noticed Harold
 10050 | D:7      | Mangled by Joseph

Illustrated notes

Levels and vault maps discovered:
D:1:      dpeg_arrival_arbitrary_c, layout_rooms, minmay_misc_feat_roman,
          minmay_misc_feat_square, minmay_gold_behind_fungi
D:2:      layout_loops_cross, hellmonk_ecumenical_altar_leap_of_faith
D:3:      layout_loops_cross, nicolae_overflow_hidden_temple, serial_shops,
          shop_fountains
D:4:      layout_rooms, lemuel_coloured_pillars_altar, serial_shops, shop,
          kennysheep_little_box, nicolae_diamond_shop, shop
D:5:      layout_loops_ring, jmf_multi_god_temple2,
          ebering_dispersal_statue_hall, mumra_transporter_accident
D:6:      layout_rooms, minmay_temple_entry_drinking_statues, serial_shops,
          kennysheep_mini, uniq_sigmund
D:7:      layout_basic, uniq_joseph
D:8:      layout_basic, hellmonk_guarded_unrand_night, uniq_harold, uniq_grum,
          uniq_maurice

Skill      XL: |  1  2  3  4  5  6  7  8  9 |
---------------+----------------------------+-----
Fighting       | 1 2 3 4 5 |  5.6
Conjurations   | 1 2 3 4 5 |  5.6
Summonings     | 1 2 3 4 5 |  5.6
Dodging        | 1 2 3 4 5 |  5.5
Translocations | 1 2 4 |  4.0
Invocations    | 1 2 3 4 |  4.0
Stealth        | |  1.3
Spellcasting   | |  4.0
Ice Magic      | |  3.0
Air Magic      | |  1.0
Evocations     | |  1.1

Action                   |  1- 3 |  4- 6 |  7- 9 || total
-------------------------+-------+-------+-------++-------
Melee: Club              |    19 |       |       ||    19
       Constrict         |    13 |    28 |    22 ||    63
       Tentacles         |     8 |    13 |    30 ||    51
       Dagger            |     3 |       |   114 ||   117
       Whip              |     2 |       |       ||     2
       Quarterstaff      |    22 |   117 |    16 ||   155
       Short sword       |       |       |    26 ||    26
       Scythe            |       |       |    17 ||    17
       Scimitar          |       |       |     2 ||     2
 Cast: Magic Dart        |    58 |    14 |    43 ||   115
       Blink             |       |     4 |    12 ||    16
       Mephitic Cloud    |       |     1 |     1 ||     2
       Call Canine Famil |       |       |    28 ||    28
       Summon Small Mamm |       |       |     7 ||     7
Evoke: Wand              |       |       |     3 ||     3
  Use: Potion            |       |     4 |     6 ||    10
       Scroll            |       |     2 |     8 ||    10
 Stab: Sleeping          |     1 |     4 |     3 ||     8
       Paralysed         |       |       |     7 ||     7
       Invisible         |       |       |     1 ||     1
Armor: Skin              |    10 |    77 |    32 ||   119
Dodge: Dodged            |    26 |    94 |   109 ||   229

Table legend: (Time is in decaauts)
 A = Elapsed time spent in this place.
 B = Non-inter-level travel time spent in this place.
 C = Inter-level travel time spent in this place.
 D = Time resting spent in this place.
 E = Time spent auto-exploring this place.
 F = Levels seen in this place.
 G = Mean time per level.
                   A        B        C        D        E       F      G
               +--------+--------+--------+--------+--------+-----+--------+
         Total |  10131 |   9835 |    296 |   4033 |   4050 |   8 | 1266.4 |
       Dungeon |  10131 |   9835 |    296 |   4033 |   4050 |   8 | 1266.4 |
               +--------+--------+--------+--------+--------+-----+--------+

Top non-repeatable levels by time:
     D:5: 2572 daAuts
     D:7: 1777 daAuts
     D:2: 1459 daAuts
     D:6: 1399 daAuts
     D:3: 1105 daAuts
     D:4: 937 daAuts
     D:1: 854 daAuts
     D:8: 25 daAuts
